 Dungeon Crawl Stone Soup version 0.19.1 (webtiles) character file.

119 Banto the Slasher (level 4, -1/29 HPs)
             Began as a High Elf Skald on Nov 24, 2016.
             Slain by a gnoll
             ... wielding a +0 club
              (2 damage)
             ... on level 2 of the Dungeon.
             The game lasted 00:03:10 (1740 turns).

Banto the Slasher (High Elf Skald)                  Turns: 1740, Time: 00:03:11

Health: -1/29      AC:  5    Str: 11    XL:     4   Next: 74%
Magic:  4/8        EV: 13    Int: 16    God:
Gold:   52         SH:  0    Dex: 15    Spells: 1 memorised, 6 levels left

rFire  . . .     SeeInvis .     a - +1 falchion
rCold  . . .     Gourm    .     b - +0 leather armour
rNeg   . . .     Faith    .     (no shield)
rPois  .         Spirit   .     m - +0 helmet
rElec  .         Reflect  .     (no cloak)
rCorr  .         Harm     .     n - +0 pair of gloves
MR     .....                    (no boots)
Stlth  ++........               (no amulet)
                                (no ring)
                                f - ring of stealth

@: infused
A: no striking features
a: no special abilities


You were on level 2 of the Dungeon.
You were not hungry.

You visited 1 branch of the dungeon, and saw 4 of its levels.

You collected 132 gold pieces.
You spent 80 gold pieces at shops.

Inventory:

Hand Weapons
 a - a +1 falchion (weapon)
 p - a +0 blowgun
Armour
 b - a +0 leather armour (worn)
 m - a +0 helmet (worn)
 n - a +0 pair of gloves (worn)
Jewellery
 f - a ring of stealth (left hand)
Scrolls
 e - 3 scrolls of magic mapping
 j - 2 scrolls of teleportation
 o - 4 scrolls of identify
Potions
 l - 3 potions of flight
Books
 c - a book of Battle

   Spells                             Type                      Level
   a - Infusion                       Charms                       1
   b - Shroud of Golubria             Charms/Translocation         2
   c - Song of Slaying                Charms                       2
   d - Spectral Weapon                Hexes/Charms                 3
   e - Regeneration                   Charms/Necromancy            3
Comestibles
 d - 3 bread rations
 g - 2 meat rations
 i - 2 beef jerkies
 k - a chunk of flesh


   Skills:
 - Level 2.0 Fighting
 + Level 4.7 Long Blades
 - Level 0.8 Armour
 + Level 3.5 Dodging
 - Level 2.4 Spellcasting
 - Level 3.6 Charms


You had 6 spell levels left.
You knew the following spells:

 Your Spells              Type           Power        Failure   Level  Hunger
a - Infusion              Chrm           ##..         8%          1    #......


Dungeon Overview and Level Annotations

Branches:
Dungeon (4/15)
 Temple: D:4-7

Altars:

Shops:
D:4 ?


Message History

The gnoll hits you but does no damage.
You now have 3/8 mp.
You hit the gnoll but do no damage.
The gnoll is moderately wounded.
The gnoll hits you with a club!
You take 7 damage, and have 10/29 hp.
MASSIVE DAMAGE!!
You are too injured to fight recklessly!
You hit the gnoll but do no damage.
The gnoll is moderately wounded.
The gnoll misses you.
You riposte.
You hit the gnoll.
The gnoll is heavily wounded.
You hit the gnoll but do no damage.
The gnoll is heavily wounded.
The gnoll hits you with a club!
* * * LOW HITPOINT WARNING * * *
You take 9 damage, and have 1/29 hp.
MASSIVE DAMAGE!!
You hit the gnoll.
The gnoll is severely wounded.
The gnoll hits you with a club.
You die...

#...# #...........#......##,
#...######..............#####*,
#.......[...............# **,
#...####................###**,,
##### ###.................,,,,
#.......>.........,,,,
######....)...........(,,,,
#........#g##.........(,,,,
#........)@.((.......(g,,,,
#........(......###,,,,,,,,
###...............##,,,,,,,,,
#..................#,*,,,,,,,
#..................#,***,,,,,
#..................#,* *,,,,,
#..................#,* *,,,,,
#..........(.......#,* *,,,,,
#..................#,* *,,,,,


You could see a gnoll.

Vanquished Creatures
  A howler monkey (D:4)
  A worker ant (D:4)
  2 gnolls (D:2)
  An adder (D:4)
  A worm (D:2)
  A dart slug (D:1)
  An orc (D:4)
  2 bats (D:1)
  3 giant cockroaches
  5 hobgoblins
  A ball python (D:1)
  A frilled lizard (D:1)
  4 goblins
  5 kobolds
  2 rats
31 creatures vanquished.

Notes
Turn   | Place    | Note
-------+----------+-------------------------------------------
     0 | D:1      | Banto the High Elf Skald began the quest for the Orb.
     0 | D:1      | Reached XP level 1. HP: 14/14 MP: 4/4
   297 | D:1      | Reached skill level 3 in Long Blades
   297 | D:1      | Reached XP level 2. HP: 13/19 MP: 1/6
  1081 | D:2      | Reached XP level 3. HP: 20/24 MP: 7/7
  1115 | D:2      | You fall through a shaft for 2 floors!
  1385 | D:4      | Reached skill level 4 in Long Blades
  1540 | D:4      | Reached XP level 4. HP: 29/29 MP: 3/8
  1656 | D:4      | Found Doydyc's Magic Scroll Shoppe.
  1664 | D:4      | Bought a scroll of identify for 20 gold pieces
  1664 | D:4      | Bought a scroll of identify for 20 gold pieces
  1664 | D:4      | Bought a scroll of identify for 20 gold pieces
  1664 | D:4      | Bought a scroll of identify for 20 gold pieces
  1739 | D:2      | HP: 1/29 [gnoll/club (9)]
  1740 | D:2      | Slain by a gnoll

Skill      XL: |  1  2  3 |
---------------+----------+-----
Long Blades    | 3 4 |  4.7
Dodging        | 2 3 |  3.5
Fighting       | |  2.0
Armour         | |  0.8
Spellcasting   | |  2.4
Charms         | |  3.6

Action                   |  1- 3 |  4- 6 || total
-------------------------+-------+-------++-------
Melee: Falchion          |    87 |    11 ||    98
 Fire: Blowgun           |       |     7 ||     7
Throw: Throwing net      |     1 |     1 ||     2
 Cast: Infusion          |    17 |     1 ||    18
  Use: Scroll            |     7 |       ||     7
       Potion            |     3 |       ||     3
 Stab: Sleeping          |     2 |       ||     2
       Held in net/web   |       |     1 ||     1
  Eat: Chunk             |     2 |     1 ||     3
Armor: Leather armour    |    21 |     2 ||    23
Dodge: Dodged            |    52 |    10 ||    62
       Rpst.: Falchion   |    19 |     4 ||    23

Table legend:
 A = Turns spent in this place as a percentage of turns spent in the entire game.
 B = Non-inter-level travel turns spent in this place as a percentage of non-inter-level travel turns spent in the entire game.
 C = Inter-level travel turns spent in this place as a percentage of turns spent in this place.
 D = Turns resting spent in this place as a percentage of non-inter-level travel turns spent in this place.
 E = Turns spent auto-exploring this place as a percentage of non-inter-level travel turns spent in this place.
 F = Non-inter-level travel turns spent in this place divided by the number of levels of this place that you've seen.
                   A       B       C       D       E      F
               +-------+-------+-------+-------+-------+----------------------
         Total | 100.0 | 100.0 |   1.1 |   9.2 |   7.2 | 136.0
       Dungeon | 100.0 | 100.0 |   1.1 |   9.2 |   7.2 | 136.0
               +-------+-------+-------+-------+-------+----------------------

Table legend:
 A = Kills in this place as a percentage of kills in entire the game.
 B = Kills by you in this place as a percentage of kills by you in the entire game.
 C = Kills by friends in this place as a percentage of kills by friends in the entire game.
 D = Other kills in this place as a percentage of other kills in the entire game.
 E = Experience gained in this place as a percentage of experience gained in the entire game.
 F = Experience gained in this place divided by the number of levels of this place that you have seen.
                   A       B       C       D       E      F
               +-------+-------+-------+-------+-------+----------------------
         Total | 100.0 | 100.0 |  -nan |  -nan | 100.0 |  42.8
       Dungeon | 100.0 | 100.0 |  -nan |  -nan | 100.0 |  42.8
               +-------+-------+-------+-------+-------+----------------------
